 Dungeon Crawl Stone Soup version 0.17-a0-1-g1f4be75 (console) character file.

1177 utis the Ducker (level 8, 31/31 HPs)
             Began as a Felid Ice Elementalist on Mar 12, 2015.
             Quit the game on level 7 of the Dungeon on Mar 13, 2015.
             The game lasted 00:37:18 (14675 turns).

utis the Ducker (Felid Ice Elementalist)           Turns: 14675, Time: 00:37:18

Health: 31/31      AC:  2    Str:  6    XL:     8   Next: 18%
Magic:  20/20      EV: 23    Int: 23    God:
Gold:   497        SH:  0    Dex: 16    Spells: 4 memorised, 3 levels left
                                        Lives:  1   Deaths: 1

rFire  . . .     SeeInvis +     (weapon unavailable)
rCold  . . .     Clarity  .     (armour unavailable)
rNeg   . . .     SustAb   +     (shield unavailable)
rPois  .         Gourm    .     (helmet unavailable)
rElec  .         Spirit   .     (cloak unavailable)
rCorr  .         Warding  .     (gloves unavailable)
rMut   .         Stasis   .     (boots unavailable)
MR     +....                    (no amulet)
Stlth  +++.......               i - +3 ring of intelligence (curse)
                                l - ring of sustain abilities (curse)

@: quick, somewhat resistant to hostile enchantments, fairly stealthy
A: paw claws, no armour, no weapons or thrown items, fangs 3, see invisible,
carnivore 3, speed 1, shaggy fur 2, slow metabolism 1, strong 1, sharp paws
a: no special abilities


You were on level 7 of the Dungeon.
You were not hungry.

You visited 1 branch of the dungeon, and saw 7 of its levels.
You also visited: Sewer and Ossuary.

You collected 553 gold pieces.
You spent 56 gold pieces at shops.

Inventory:

Hand weapons
 u - the +11 great sword "Skilal" {elec, rPois rC+ Str-5 Dex+3 SInv, unknown}
   (You found it on level 6 of the Dungeon)

   Occasionally, upon striking a foe, it will discharge some electrical energy
   and cause terrible harm.
   It affects your strength (-5).
   It affects your dexterity (+3).
   It protects you from cold.
   It protects you from poison.
   It enhances your eyesight.
Jewellery
 i - a cursed +3 ring of intelligence (right paw)
 l - a cursed ring of sustain abilities (left paw)
 x - an uncursed ring of magical power {unknown}
 y - an uncursed ring of wizardry {unknown}
Magical devices
 r - a wand of cold (5)
Scrolls
 a - a scroll of amnesia {unknown}
 f - 3 scrolls of identify
 h - 4 scrolls of remove curse
 k - a scroll of blinking {!r}
 o - 8 scrolls of teleportation {!r}
 q - a scroll of fog
 s - a scroll of recharging
 w - 3 scrolls of fear {unknown}
Potions
 d - 3 potions of curing
 e - 3 potions of brilliance
 g - a potion of invisibility
 j - a potion of ambrosia
 m - 4 potions of flight
 p - a potion of might
 t - a potion of berserk rage {!q}
Books
 b - a book of Frost

   Spells                             Type                      Level
   a - Freeze                         Ice                          1
   b - Throw Frost                    Conjuration/Ice              2
   c - Ozocubu's Armour               Charms/Ice                   3
   d - Throw Icicle                   Conjuration/Ice              4
   e - Summon Ice Beast               Ice/Summoning                4
   f - Condensation Shield            Ice                          4
Comestibles
 c - 2 meat rations
 n - a slice of pizza


   Skills:
 + Level 7.8 Dodging
 - Level 2.6 Stealth
 - Level 3.0 Spellcasting
 - Level 7.0 Conjurations
 - Level 7.2 Ice Magic


You had 3 spell levels left.
You knew the following spells:

 Your Spells              Type           Power        Failure   Level  Hunger
a - Freeze                Ice            ####         1%          1    None
b - Throw Frost           Conj/Ice       #####.       1%          2    ##.....
o - Ozocubu's Armour      Chrm/Ice       ###.....     10%         3    ###....
q - Throw Icicle          Conj/Ice       #####...     10%         4    ####...


Dungeon Overview and Level Annotations

Branches:
Dungeon (7/15)             Temple (0/1) D:7

Altars:
Ashenzari
Elyvilon
Fedhas
Gozag
Okawaru
Qazlal
Ru
Xom
Zin

Shops:
D:4 *


Innate Abilities, Weirdness & Mutations

You cannot wear armour.
You are incapable of wielding weapons or throwing items.
You have razor-sharp teeth.
You have supernaturally acute eyesight.
You are carnivorous and can eat meat at any time.
You cover ground quickly.
You are covered in thick fur (AC +2).
You have a slow metabolism.
Your paws have sharp claws that are effective at stabbing.
Your muscles are strong. (Str +2)


Message History

You are very lightly contaminated with residual magic.
You feel uncomfortably cold.
Casting: Throw Icicle
Confirm with . or Enter, or press ? or * to list all spells.
Aiming: Throw Icicle
Press: ? - help, Shift-Dir - straight line, f/p - wight
Aim: a wight, wielding an enchanted hand axe, wearing a chain mail and carrying a wand of draining {zapped: 2} (severely damaged)
The shard of ice hits the wight.
The wight partially resists.
The wight is almost destroyed.
* * * LOW MAGIC WARNING * * *
The wight zaps a wand.
The bolt of negative energy hits you!
You feel drained.
* * * LOW HITPOINT WARNING * * *
The wight zaps a wand.
The bolt of negative energy misses you.
The wight zaps a wand.
The bolt of negative energy hits you!
You feel drained.
Ouch! That really hurt!
You die...
You are now level 8!
You rejoin the land of the living...
Found a scroll of blinking.
Are you sure you want to abandon this character and quit the game? (Confirm with "yes".)

... ▓.... ▓▓▓▓. .....▓
▓▓▓▓... ....▓▓▓▓ .....?
▓ ▓▓........ . ..... ..▓
........)...▓▓...▓▓....▓
<...........▓.....▓..▓
...▓▓.........._.....▓
............▓...h.▓..▓
....†.......▓▓...▓▓..▓
▓▓...................▓
▓▓.......>...........▓
▓▓z................▓
▓...z.....▓.▓▓▓▓▓..▓
..........▓...▓▓▓.▓▓
.......▓...▓▓)▓.).▓
.......▓.....)..▓▓▓


There were no monsters in sight!

Vanquished Creatures
  A water moccasin (D:6)
  An orc warrior (D:7)
  An ice beast (D:6)
  9 scorpions
  3 killer bees (D:7)
  A wight (D:7)
  3 centaur zombies
  3 human zombies (Ossuary)
  7 orc priests
  3 iguanas
  2 hounds (D:4)
  10 orc wizards
  5 worker ants
  2 big kobold zombies (Ossuary)
  Ijyb (D:4)
  2 mummies (Ossuary)
  A hound skeleton (D:4)
  4 scorpion zombies (Ossuary)
  A shadow imp (D:7)
  16 adders
  6 giant mites
  8 worms
  5 giant geckos
  5 oozes
  27 orcs
  A bat skeleton (D:5)
  4 giant cockroaches
  11 goblins
  15 hobgoblins
  12 jackals
  3 quokkas
  3 ball pythons
  21 bats
  5 giant newts
  2 gnoll zombies (Ossuary)
  2 goblin zombies (Ossuary)
  2 hobgoblin zombies (Ossuary)
  9 kobolds
  2 kobold zombies (Ossuary)
  2 orc zombies (Ossuary)
  15 rats
236 creatures vanquished.

Vanquished Creatures (others)
  A scorpion (Ossuary)
  A mummy (Ossuary)
  A kobold zombie (Ossuary)
3 creatures vanquished.

Grand Total: 239 creatures vanquished

Notes
Turn   | Place    | Note
--------------------------------------------------------------
     0 | D:1      | utis, the Felid Ice Elementalist, began the quest for the Orb.
     0 | D:1      | Reached XP level 1. HP: 7/7 MP: 4/4
   311 | D:1      | Reached skill level 3 in Ice Magic
   542 | D:1      | Reached XP level 2. HP: 11/11 MP: 3/5
   790 | D:1      | Learned a level 2 spell: Throw Frost
  1301 | D:2      | Reached XP level 3. HP: 14/14 MP: 3/8
  1569 | D:2      | Learned a level 3 spell: Ozocubu's Armour
  1990 | D:2      | Reached skill level 4 in Ice Magic
  2606 | D:3      | Reached XP level 4. HP: 18/18 MP: 8/10
  2828 | D:3      | Found a blossoming altar of Fedhas.
  2833 | D:3      | Found a stormy altar of Qazlal.
  3042 | D:3      | Found a shimmering altar of Xom.
  3541 | D:3      | Found a white marble altar of Elyvilon.
  3557 | D:3      | Reached XP level 5. HP: 21/21 MP: 9/12
  3997 | D:3      | Learned a level 4 spell: Throw Icicle
  4195 | D:3      | Reached skill level 1 in Conjurations
  4261 | D:4      | Found an opulent altar of Gozag.
  4290 | D:4      | Found Anapsij's General Store.
  4432 | D:4      | Bought a scroll of identify for 28 gold pieces
  4432 | D:4      | Bought a scroll of identify for 28 gold pieces
  4880 | D:4      | Noticed Ijyb
  4900 | D:4      | Killed Ijyb
  4911 | D:4      | Gained mutation: You are covered in thick fur (AC +2). [growing up]
  4911 | D:4      | Reached XP level 6. HP: 9/24 MP: 6/16
  5906 | D:4      | Found a sacrificial altar of Ru.
  5965 | D:5      | Entered Level 5 of the Dungeon
  6498 | D:5      | Reached skill level 5 in Ice Magic
  6498 | D:5      | Reached XP level 7. HP: 20/27 MP: 12/18
  6633 | D:5      | Found a glowing drain.
  6643 | Sewer    | Entered a sewer
  7418 | Sewer    | Reached skill level 5 in Conjurations
  8096 | D:5      | Found a glowing silver altar of Zin.
  8359 | D:5      | Found a shattered altar of Ashenzari.
  8960 | D:6      | Found a sand-covered staircase.
  9005 | Ossuary  | Entered an ossuary
  9282 | Ossuary  | Reached skill level 6 in Ice Magic
  9969 | Ossuary  | Reached XP level 8. HP: 13/31 MP: 15/20
 12300 | D:6      | Got a crude great sword
 12532 | D:6      | Reached skill level 7 in Ice Magic
 13289 | D:6      | Gained mutation: Your muscles are strong. (Str +2) [potion of beneficial mutation]
 13417 | D:7      | Found an iron altar of Okawaru.
 13548 | D:7      | Reached skill level 5 in Dodging
 13827 | D:7      | Reached XP level 9. HP: 30/34 MP: 13/21
 14414 | D:7      | Found a staircase to the Ecumenical Temple.
 14674 | D:7      | Killed from afar by a wight
 14675 | D:7      | Reached XP level 8. HP: -9/31 MP: 6/20
 14675 | D:7      | Quit the game

Action                   |  1- 3 |  4- 6 |  7- 9 || total
-------------------------+-------+-------+-------++-------
Melee: Unarmed           |     1 |    36 |   190 ||   227
 Cast: Freeze            |    60 |   154 |   191 ||   405
       Throw Frost       |     2 |       |       ||     2
       Ozocubu's Armour  |       |     3 |    32 ||    35
       Throw Icicle      |       |       |    80 ||    80
  Use: Scroll            |     5 |     7 |     8 ||    20
       Potion            |       |       |     4 ||     4
 Stab: Sleeping          |       |       |     3 ||     3
  Eat: Chunk             |    11 |     8 |    22 ||    41
       Meat ration       |       |       |     2 ||     2
